 Dungeon Crawl Stone Soup version 0.16-a0-4002-g2d13b8e (webtiles) character file.

4908 timbw the Carver (level 10, 0/74 HPs)
             Began as a Vampire Fighter on Feb 14, 2015.
             Was a Priest of Makhleb.
             Killed from afar by a molten gargoyle (20 damage)
             ... with a bolt of magma
             ... on level 11 of the Dungeon.
             The game lasted 00:23:33 (3988 turns).

timbw the Carver (Vampire Fighter)                  Turns: 3988, Time: 00:23:33

Health: 0/74       AC: 11    Str: 15    XL:     10   Next: 27%
Magic:  0/17       EV: 11    Int: 10    God:    Makhleb [***...]
Gold:   278        SH:  9    Dex: 16    Spells: 0 memorised, 9 levels left

rFire  . . .     SeeInvis +     h - +1 demon blade (elec)
rCold  + . .     Clarity  .     F - +2 ring mail {rC+}
rNeg   . . .     SustAb   .     c - +0 shield
rPois  .         Gourm    .     e - +0 helmet
rElec  .         Spirit   +     (no cloak)
rCorr  .         Warding  .     (no gloves)
rMut   .         Stasis   .     (no boots)
MR     +....                    L - amulet of guardian spirit
Stlth  +.........               w - +1 ring of slaying
                                g - +3 ring of protection

@: regenerating quickly, somewhat resistant to hostile enchantments, very
unstealthy
A: bottle blood, fangs 3, hooves 1, see invisible, unbreathing
a: Minor Destruction, Lesser Servant of Makhleb, Renounce Religion


You were on level 11 of the Dungeon.
You worshipped Makhleb.
Makhleb was most pleased with you.
You were very full.

You visited 1 branch of the dungeon, and saw 11 of its levels.

You collected 278 gold pieces.

Inventory:

Hand weapons
 a - a +0 long sword
 h - a +1 demon blade of electrocution (weapon)
 A - a cursed +1 falchion
 D - a +0 scimitar
Missiles
 q - 4 poisoned tomahawks (quivered)
 r - 13 poisoned needles
 E - 2 tomahawks of dispersal
 M - a throwing net
Armour
 b - a +0 scale mail
 c - a +0 shield (worn)
 e - a +0 helmet (worn)
 n - a +0 ring mail
 F - a +2 ring mail of cold resistance (worn)
Jewellery
 g - a +3 ring of protection (left hand)
 i - an uncursed amulet of resist corrosion
 k - an uncursed ring of ice
 u - an uncursed amulet of resist mutation
 w - a +1 ring of slaying (right hand)
 z - an uncursed ring of flight
 L - an amulet of guardian spirit (around neck)
Magical devices
 H - a wand of flame (24)
 J - a wand of frost (4)
Scrolls
 f - a scroll of magic mapping
 m - 2 scrolls of immolation
 p - 4 scrolls of identify {unknown}
 s - 2 scrolls of vulnerability {unknown}
 t - 2 scrolls of enchant armour {unknown}
 x - a scroll of enchant weapon {unknown}
 B - a scroll of teleportation
 G - a scroll of recharging {unknown}
 K - a scroll of summoning {unknown}
 N - 2 scrolls of remove curse
Potions
 j - 2 potions of poison
 l - 4 potions of curing
 o - a potion of heal wounds
 C - a potion of brilliance {unknown}
 I - a potion of restore abilities {unknown}
 O - a potion of degeneration {unknown}
Books
 d - a book of Enchantments

   Spells                             Type                      Level
   a - Tukima's Dance                 Hexes                        3
   b - Cause Fear                     Hexes                        4
   c - Silence                        Hexes/Air                    5
   d - Deflect Missiles               Charms/Air                   6
   e - Haste                          Charms                       6
   f - Discord                        Hexes                        8
 v - a book of Frost

   Spells                             Type                      Level
   a - Freeze                         Ice                          1
   b - Throw Frost                    Conjuration/Ice              2
   c - Ozocubu's Armour               Charms/Ice                   3
   d - Throw Icicle                   Conjuration/Ice              4
   e - Summon Ice Beast               Ice/Summoning                4
   f - Condensation Shield            Ice                          4
 y - a book of Envenomations

   Spells                             Type                      Level
   a - Spider Form                    Transmutation/Poison         3
   b - Alistair's Intoxication        Transmutation/Poison         4
   c - Olgreb's Toxic Radiance        Poison                       4
   d - Poisonous Cloud                Conjuration/Poison/Air       6


   Skills:
 + Level 5.3 Fighting
 * Level 12.3 Long Blades
 - Level 2.4 Armour
 + Level 5.4 Dodging
 - Level 2.6 Shields
 + Level 4.2 Invocations


You had 9 spell levels left.
You didn't know any spells.

Dungeon Overview and Level Annotations

Branches:
Dungeon (11/15)            Temple (0/1) D:7
   Lair: D:8-11         Orc: D:9-12

Altars:
Ashenzari
Dithmenos
Fedhas
Makhleb
Nemelex Xobeh
Ru
Sif Muna
Trog
Vehumet
Zin

Shops:
D:6 !*   D:8 [


Innate Abilities, Weirdness & Mutations

Your natural rate of healing is unusually fast.
You can bottle blood from corpses.
You have razor-sharp teeth.
You have supernaturally acute eyesight.
You can survive without breathing.
You have large cloven feet.


Message History

Evoke which item? (* to show all) (? for menu, Esc to quit)
Zapping:
J - a wand of frost {zapped: 11} (will waste charges)
Press: ? - help, Shift-Dir - straight line, f/p - molten gargoyle
Aim: a molten gargoyle, wielding a mace of protection (almost destroyed)
The puff of frost hits the molten gargoyle.
The molten gargoyle appears unharmed.
The molten gargoyle is almost destroyed.
Evoking this partially-identified wand wasted a few charges.
The molten gargoyle blasts magma at you!
The bolt of magma hits you!
* * * LOW HITPOINT WARNING * * *
Evoke which item? (* to show all) (? for menu, Esc to quit)
Zapping:
J - a wand of frost {zapped: 13} (will waste charges)
Press: ? - help, Shift-Dir - straight line, f/p - molten gargoyle
Aim: a molten gargoyle, wielding a mace of protection (almost destroyed)
The puff of frost misses the molten gargoyle.
Evoking this partially-identified wand wasted a few charges.
The molten gargoyle blasts magma at you!
The bolt of magma hits you!
You die...

#≈..≈§≈##
#≈≈..§≈§#
##≈...≈≈##
#§≈...§≈##
#§##..§§§#
#§≈ ##..§≈#
#≈# ##..≈#
#≈§# ##9§§#
##§≈##@§≈##
#≈§≈§.§§#
##≈≈..≈##
#≈≈.§§#
##§.≈##
###≈.≈###
#<..≈..<#
###≈≈≈###
##8##


You could see a molten gargoyle.

Vanquished Creatures
  A hill giant (D:10)
  An ugly thing (D:10)
  A merfolk (D:10)
  2 trolls
  A two-headed ogre (D:9)
  A hungry ghost (D:8)
  3 yaks (D:9)
  Edmund (D:5)
  A water moccasin (D:7)
  A phantom (D:7)
  3 necrophages
  An ogre (D:7)
  2 sky beasts
  An orc warrior (D:10)
  A centaur (D:7)
  5 giant frogs
  A scorpion (D:5)
  4 wights (D:7)
  2 hounds
  A centaur zombie (D:9)
  7 orc priests
  2 lava snakes (D:11)
  A quasit (D:9)
  A centaur skeleton (D:4)
  2 jellies
  10 orc wizards
  An iguana (D:10)
  3 worker ants
  A killer bee zombie (D:9)
  A mummy (D:9)
  2 worker ant zombies
  Robin (D:4)
  4 gnolls (D:4)
  6 adders
  A shadow imp (D:8)
  2 worms
  An adder zombie (D:5)
  3 giant geckos
  2 oozes
  33 orcs
  2 ball pythons
  7 bats
  A bat zombie (D:6)
  2 giant cockroaches
  11 hobgoblins
  5 quokkas
  A giant gecko skeleton (D:7)
  2 giant newts
  10 goblins
  10 kobolds
  9 rats
  A ballistomycete (D:7)
179 creatures vanquished.

Vanquished Creatures (collateral kills)
  An iguana (D:10)
  An orc wizard (D:10)
  2 orcs (D:10)
4 creatures vanquished.

Vanquished Creatures (others)
  A smoke demon (D:11)
  A giant spore (D:7)
2 creatures vanquished.

Grand Total: 185 creatures vanquished

Notes
Turn   | Place    | Note
--------------------------------------------------------------
     0 | D:1      | timbw, the Vampire Fighter, began the quest for the Orb.
     0 | D:1      | Reached XP level 1. HP: 17/17 MP: 1/1
   110 | D:1      | Reached XP level 2. HP: 18/23 MP: 2/2
   309 | D:3      | Reached skill level 3 in Long Blades
   481 | D:4      | Reached skill level 4 in Long Blades
   481 | D:4      | Reached XP level 3. HP: 8/28 MP: 3/3
   508 | D:4      | Reached XP level 4. HP: 10/34 MP: 4/4
   517 | D:4      | Reached skill level 5 in Long Blades
   576 | D:4      | Reached XP level 5. HP: 16/39 MP: 5/5
   681 | D:5      | Entered Level 5 of the Dungeon
   746 | D:5      | Noticed a sky beast
   767 | D:5      | Killed a sky beast
   767 | D:5      | Reached skill level 6 in Long Blades
   778 | D:4      | Noticed Robin
   778 | D:4      | Noticed a scorpion
   853 | D:5      | HP: 1/39 [scorpion (5)]
   858 | D:5      | Killed a scorpion
   858 | D:5      | Reached XP level 6. HP: 4/46 MP: 6/6
   896 | D:5      | Found a sparkling altar of Nemelex Xobeh.
  1072 | D:5      | Noticed Edmund
  1106 | D:5      | Killed Edmund
  1106 | D:5      | Reached skill level 7 in Long Blades
  1158 | D:4      | Killed Robin
  1158 | D:4      | Reached XP level 7. HP: 39/51 MP: 7/7
  1345 | D:4      | Reached skill level 8 in Long Blades
  1453 | D:6      | Found a sacrificial altar of Ru.
  1453 | D:6      | Found a burning altar of Makhleb.
  1454 | D:6      | Found a bloodstained altar of Trog.
  1458 | D:6      | Found a deep blue altar of Sif Muna.
  1460 | D:6      | Found a radiant altar of Vehumet.
  1461 | D:6      | Found a glowing silver altar of Zin.
  1461 | D:6      | Found a shattered altar of Ashenzari.
  1469 | D:6      | Became a worshipper of Makhleb the Destroyer
  1491 | D:6      | Found Streyh's Distillery.
  1519 | D:6      | Found a blossoming altar of Fedhas.
  1562 | D:6      | Found Nihunwyrgh's Assorted Antiques.
  1642 | D:6      | Found a shadowy altar of Dithmenos.
  1734 | D:7      | Reached skill level 9 in Long Blades
  1939 | D:8      | Reached XP level 8. HP: 57/57 MP: 8/8
  1951 | D:8      | Reached skill level 10 in Long Blades
  2005 | D:7      | Acquired Makhleb's first power
  2023 | D:7      | Found a staircase to the Ecumenical Temple.
  2137 | D:7      | Reached skill level 1 in Dodging
  2137 | D:7      | Reached skill level 1 in Invocations
  2372 | D:8      | Found Mumye's Antique Armour Emporium.
  2734 | D:9      | Noticed a troll
  2780 | D:9      | Gained mutation: You have large cloven feet. [potion of mutation]
  2780 | D:9      | Gained mutation: Your spells are a little easier to cast, but a little less powerful. [potion of mutation]
  2780 | D:9      | Lost mutation: Your spells are a little easier to cast, but a little less powerful. [potion of mutation]
  2783 | D:9      | Killed a troll
  2783 | D:9      | Acquired Makhleb's second power
  2783 | D:9      | Reached skill level 11 in Long Blades
  2783 | D:9      | Reached XP level 9. HP: 14/65 MP: 12/12
  2844 | D:10     | Entered Level 10 of the Dungeon
  3070 | D:10     | Noticed a hill giant
  3197 | D:9      | Acquired Makhleb's third power
  3198 | D:9      | Noticed a two-headed ogre
  3205 | D:9      | Killed a two-headed ogre
  3374 | D:9      | Identified a scroll of acquirement
  3513 | D:10     | Reached skill level 5 in Fighting
  3513 | D:10     | Reached skill level 12 in Long Blades
  3513 | D:10     | Reached XP level 10. HP: 69/74 MP: 6/16
  3581 | D:10     | Noticed a green ugly thing
  3603 | D:10     | Killed a green ugly thing
  3603 | D:10     | Reached skill level 5 in Dodging
  3865 | D:10     | Noticed a hill giant
  3872 | D:10     | Killed a hill giant
  3988 | D:11     | Killed from afar by a molten gargoyle

Action                   |  1- 3 |  4- 6 |  7- 9 | 10-12 || total
-------------------------+-------+-------+-------+-------++-------
Melee: Long sword        |    76 |   133 |   390 |       ||   599
       Scimitar          |       |       |    77 |       ||    77
       Demon blade       |       |       |    28 |    40 ||    68
Throw: Tomahawk          |       |       |     2 |     2 ||     4
Invok: Lesser Servant of |       |       |     1 |     1 ||     2
Evoke: Wand              |       |       |       |     7 ||     7
  Use: Potion            |     1 |     6 |     5 |       ||    12
       Scroll            |       |     3 |     3 |       ||     6
 Stab: Sleeping          |       |       |     1 |       ||     1
  Eat: Corpse            |     7 |     6 |    20 |     2 ||    35
